 Dungeon Crawl Stone Soup version 0.28.0 (webtiles) character file.

Game seed: 5779349342553902485

403 browni3141 the Chopper (level 6, -1/85 HPs)
             Began as a Minotaur Berserker on Feb 16, 2022.
             Was a Believer of Trog.
             Succumbed to Sigmund's poison
             ... on level 4 of the Dungeon.
             The game lasted 00:01:37 (4000 turns).

browni3141 the Chopper (Minotaur Berserker)         Turns: 4000, Time: 00:01:38

Health: -1/85      AC:  2    Str: 24    XL:     6   Next: 55%
Magic:  5/5        EV: 12    Int:  4    God:    Trog [**....]
Gold:   183        SH:  0    Dex:  9    Spells: 5/5 levels left

rFire   . . .      SeeInvis .   a - +0 hand axe
rCold   . . .      Faith    .   (no shield)
rNeg    . . .      Spirit   .   b - +0 animal skin
rPois   .          Reflect  .   (helmet restricted)
rElec   .          Harm     .   (no cloak)
rCorr   .          Rampage  .   (no gloves)
Will    ++...                   (no boots)
Stlth   ..........              (no amulet)
HPRegen 1.24/turn               (no ring)
MPRegen 0.09/turn               (no ring)

@: berserking, lethally poisoned (-1 -> -30), strong-willed, regenerating, very
quick
A: horns 2, retaliatory headbutt
a: Renounce Religion, Berserk, Trog's Hand


You were on level 4 of the Dungeon.
You worshipped Trog.
Trog was pleased with you.
You visited 1 branch of the dungeon, and saw 4 of its levels.
You also visited: Sewer.

You collected 183 gold pieces.

Inventory:

Hand Weapons
 a - a +0 hand axe (weapon)
Armour
 b - a +0 animal skin (worn)
Wands
 l - a wand of paralysis (13)
Scrolls
 d - 3 scrolls of magic mapping {unknown}
 g - a scroll of enchant weapon {unknown}
 h - a scroll of blinking {unknown}
 i - a scroll of amnesia {unknown}
 m - a scroll of fog {unknown}
 p - 2 scrolls of teleportation {unknown}
 r - a scroll of noise {unknown}
Potions
 c - 3 potions of curing {unknown}
 e - a potion of heal wounds {unknown}
 f - a potion of brilliance {unknown}
 j - 3 potions of invisibility {unknown}
 k - a potion of mutation {unknown}
 n - a potion of cancellation {unknown}
 o - a potion of degeneration {unknown}
 q - a potion of attraction {unknown}


   Skills:
 + Level 5.9 Fighting
 + Level 5.9 Axes
 + Level 5.3 Armour
 - Level 2.1 Dodging


You had 5 spell levels left.
You didn't know any spells.
Your spell library was empty.

Dungeon Overview and Level Annotations

Branches:
Dungeon (4/15)              Sewer (visited)
 Temple: D:4-7

Altars:

Shops:
D:1 =

Annotations:
D:4 Sigmund


Innate Abilities, Weirdness & Mutations

You have a pair of horns on your head.
You reflexively headbutt those who attack you in melee.


Message History

You barely miss the adder. Your headbutt misses the adder. The adder bites you.
An adder is nearby!
You barely miss the adder. The adder closely misses you.
You furiously retaliate!
You headbutt the adder. The adder bites you but does no damage.
An adder is nearby!
You barely miss the adder.
The adder is heavily wounded.
The adder barely misses you. You furiously retaliate!
You headbutt the adder.
You kill the adder!
Trog accepts your kill.
Sigmund the Dreaded comes into view.
He is wielding a +7 scythe of venom and wearing a +0 robe of positive energy.
You see here an adder corpse.
Sigmund shouts!
Sigmund is nearby!
Sigmund is nearby!
Sigmund hits you from afar with a +7 scythe of venom!
You are poisoned.
Sigmund is nearby!
You feel extremely sick.
Your skin crawls.
You feel strong-willed.
You feel very sick.
Sigmund hits you with a +7 scythe of venom!
* * * LOW HITPOINT WARNING * * *
You are lethally poisoned!
A red film seems to cover your vision as you go berserk!
You feel yourself moving faster!
You feel mighty!
* * * LOW HITPOINT WARNING * * *
You feel extremely sick.
Sigmund hits you with a +7 scythe of venom.
* * * LOW HITPOINT WARNING * * *
You are more poisoned.
You slash Sigmund! Your headbutt misses Sigmund.
Sigmund is moderately wounded.
* * * LOW HITPOINT WARNING * * *
You feel extremely sick.
You closely miss Sigmund.
Sigmund is moderately wounded.
You die...

## ... #.#
.. #.# ..#
#..# #..#
#.. #..#
##@#
#..###@#
###
#..#..#
#.. #....#
#.# ###
##.†.##..#
...
###..<.#
#..
##....#
#.# ###
##...###
#.###.#
#..###
#####
#....#
##.##
##...##


You could see Sigmund.

Vanquished Creatures
  A water moccasin (Sewer)
  A necrophage (D:4)
  Natasha (thrice) (D:3)
  A river rat (D:3)
  5 adders
  A gnoll (D:1)
  2 dart slugs
  2 orcs
  3 endoplasms
  5 giant cockroaches
  8 goblins
  6 hobgoblins
  4 jackals (Sewer)
  4 quokkas
  6 ball pythons
  6 bats
  5 frilled lizards
  4 kobolds
  4 rats
71 creatures vanquished.

Notes
Turn   | Place    | Note
-------+----------+-------------------------------------------
     0 | D:1      | browni3141 the Minotaur Berserker began the quest for the
                  | Orb.
     0 | D:1      | Reached XP level 1. HP: 19/19 MP: 0/0
   160 | D:1      | Reached XP level 2. HP: 24/27 MP: 1/1
   711 | D:1      | Found Wity's One-of-a-Kind Rings.
   867 | D:1      | Reached XP level 3. HP: 30/33 MP: 2/2
  1090 | D:2      | Found a faded altar of an unknown god.
  1094 | D:2      | Reached ** piety under Trog
  1917 | D:2      | Reached XP level 4. HP: 19/41 MP: 3/3
  2314 | D:3      | Noticed Natasha
  2320 | D:3      | Killed Natasha
  2584 | D:3      | Noticed Natasha
  2591 | D:3      | Killed Natasha
  2592 | D:3      | Reached skill level 5 in Fighting
  2592 | D:3      | Reached skill level 5 in Axes
  2592 | D:3      | Reached XP level 5. HP: 48/48 MP: 4/4
  2630 | D:3      | Found a glowing drain.
  2642 | Sewer    | Entered a sewer
  2976 | Sewer    | Noticed a water moccasin
  2986 | Sewer    | Killed a water moccasin
  2987 | Sewer    | Reached XP level 6. HP: 56/56 MP: 5/5
  3311 | D:3      | Noticed Natasha
  3322 | D:3      | Killed Natasha
  3720 | D:3      | Reached skill level 5 in Armour
  3993 | D:4      | Noticed Sigmund
  4000 | D:4      | Succumbed to Sigmund's poison

Illustrated notes

Levels and vault maps discovered:
D:1:      dpeg_arrival_subterranean_lakeside_camping, layout_basic,
          nicolae_shop_unique_rings
D:2:      layout_basic, ebering_ecumenical_altar_hall, minmay_misc_feat_doors
D:3:      layout_loops_cross, gup_sewer_entry_bubbles, uniq_natasha
D:4:      layout_layer_cave, minmay_temple_entry_glassed_door, uniq_robin,
          uniq_sigmund

Skill      XL: |  1  2  3  4  5  6 |
---------------+-------------------+-----
Fighting       | 4 5 |  5.9
Axes           | 4 5 |  5.9
Armour         | 3 4 5 |  5.3
Dodging        | |  2.1

Action                   |  1- 3 |  4- 6 || total
-------------------------+-------+-------++-------
Melee: Hand axe          |    73 |    90 ||   163
       Headbutt          |     8 |    14 ||    22
       Punch             |     1 |       ||     1
Invok: Berserk           |       |     4 ||     4
       Trog's Hand       |       |     1 ||     1
 Stab: Sleeping          |     2 |       ||     2
Armor: Animal skin       |    13 |    18 ||    31
Dodge: Dodged            |    40 |    69 ||   109
